Description

Fake 3 Base Opener into Ling Flood

This ZvP build looks like you are playing a standard marco opening, but you are not. Instead of droning hard, you only get about 30 drones and then start producing a Ling Flood.

Replay - CloudM [2/5] ZvP Timing (Furis BO)

Build Order

Get SALT Encoding   

  12  0:01  Drone  
  13  0:12  Overlord  
  13  0:16  Drone  
  14  0:30  Drone x2  
  16  0:51  Hatchery  
  16  0:53  Drone x2  
  16  1:00  Extractor  
  16  1:07  Drone  
  17  1:21  Spawning Pool  
  17  1:22  Drone x2  
  17  1:30  Drone  
  19  1:39  Drone  
  20  1:49  Overlord  
  20  2:04  Drone x2  
  22  2:09  Queen x2  
  22  2:14  Zergling x4  
  28  2:21  Metabolic Boost  
  28  2:24  Drone x2  
  30  2:32  Drone x2  
  32  2:43  Drone x2  
  34  2:59  Overlord  
  34  3:05  Hatchery  
  33  3:13  Zergling x6  
  33  3:18  Overlord  
  36  3:20  Zergling x10  
  41  3:29  Zergling x6  
  44  3:41  Zergling x4  
  46  3:51  Overlord x2  
  46  3:52  Zergling x10  
  51  4:00  Zergling x2  
  50  4:13  Zergling x6  
  49  4:25  Zergling x20  
  58  4:33  Zergling x2  
  57  4:39  Zergling x4  
Spawning Tool Build Advisor. Get it on Overwolf

Analysis

You wanna let the Protoss see that you took a 3rd Hatch, making him feel safe to tech up or expand. What you want is to keep him in the dark about your Ling Flood and suddenly jump on his wall, leaving him with very little time to adjust his defense to this timing attack. This build aims to either win the game from it, or cripple the Protoss to the point where you can transition into a macro game from it. If you can't break him with the Ling Flood, then you macro behind it and use the remaining Lings to delay his 3rd Nexus as long as possible. It is important with the Lings that you target all buildings at the same time, forcing him to build more walls instead of units. Eventually, you should crack his defense if it is not a perfect hold from the Protoss.

Go to:

Details

  • Created by: Furis
  • Published on: May 15, 2020
  • Modified on: May 17, 2020
  • Patch: 4.11.0
Show
View Real Time Build Order
Export as new Build Order

Comments (0)

There are no comments. Be the first!

Create an account to comment!